 Dungeon Crawl Stone Soup version 0.30.1-11-g7821555f0a (webtiles) character file.

Game seed: 15761685872782373714

5 RancidPinata the Sneak (level 1, -1/16 HPs)
             Began as an Octopode Delver on Jan 3, 2024.
             Slain by an ufetubus (4 damage)
             ... on level 5 of the Dungeon.
             The game lasted 00:04:20 (357 turns).

RancidPinata the Sneak (Octopode Delver)             Turns: 357, Time: 00:04:21

Health: -1/16      AC:  1    Str: 11    XL:     1   Next: 80%
Magic:  1/1        EV: 13    Int: 12    God:
Gold:   11         SH:  0    Dex: 13    Spells: 0/0 levels left

rFire   . . .        a - +0 short sword
rCold   . . .        (no shield)
rNeg    . . .        (helmet restricted)
rPois   .            (no amulet)
rElec   .            (no ring)
rCorr   .            (no ring)
SInv    .            (no ring)
Will    .....        (no ring)
Stlth   ++++         (no ring)
HPRegen 0.22/turn    (no ring)
MPRegen 0.07/turn    (no ring)
                     (no ring)

%: no passive effects
@: no status effects
A: almost no armour, amphibious, 8 rings, camouflage 1, gelatinous body 1,
(nimble swimmer 1), tentacles
a: no special abilities


You were on level 5 of the Dungeon.
You visited 1 branch of the dungeon, and saw 2 of its levels.

You collected 11 gold pieces.

Inventory:

Hand Weapons
 a - a +0 short sword (weapon)
Missiles
 i - 8 stones (quivered)
Wands
 f - a wand of digging (3)
Scrolls
 b - a scroll of fog
 c - 3 scrolls of magic mapping
 d - a scroll of fear
 g - a scroll of teleportation {unknown}
 j - a scroll of amnesia {unknown}
Potions
 e - a potion of haste
 h - a potion of might {unknown}


   Skills:
 * Level 3.1 Fighting
 + Level 2.0 Short Blades
 * Level 2.1 Dodging
 + Level 6.6 Stealth
 + Level 0.2 Spellcasting


You couldn't memorise any spells.
You didn't know any spells.
Your spell library contained the following spells:

 Spells                   Type           Power      Damage    Failure   Level
 Sandblast                Erth           0%         2d4       32%         1
 Passwall                 Tmut/Erth      0%         N/A       45%         2
 Stone Arrow              Conj/Erth      0%         3d7       69%         3


Dungeon Overview and Level Annotations

Branches:
Dungeon (6/15)
 Temple: D:4-7

Altars:
Makhleb


Innate Abilities, Weirdness & Mutations

You cannot wear most types of armour.
You are amphibious.
You can wear up to eight rings at the same time.
Your skin changes colour to match your surroundings (Stealth+).
Your rubbery body absorbs attacks. (AC +1, EV +1)
((You are camouflaged when in or above water. (Stealth+)))
You have tentacles for arms and can constrict up to eight enemies at once.


Message History

Things that are here:
a +0 whip; a +0 ring mail You enter the deep water.
There is a burning altar of Makhleb here.
You curl up in front of the altar of Makhleb.
You enter the deep water.
Things that are here:
a +0 whip; a +0 ring mail
Found a scroll labelled VEACLUCVOA.
j - a scroll labelled VEACLUCVOA
Found a stone staircase leading down.
Found 11 gold pieces.
An ufetubus comes into view.
There is a stone staircase leading down here.
You climb downwards.
There is a stone staircase leading up here.
You climb upwards.
There is a stone staircase leading down here.
Found 18 gold pieces.
Found 19 gold pieces.
The ufetubus shouts!
The ufetubus barely misses you. The ufetubus closely misses you.
You completely miss the ufetubus. Your grab misses the ufetubus.
Your squeeze misses the ufetubus. The ufetubus hits you.
The ufetubus closely misses you. The ufetubus hits you.
The ufetubus closely misses you.
You hit the ufetubus but do no damage. Your grab misses the ufetubus.
The ufetubus closely misses you. x2
You closely miss the ufetubus. Your grab misses the ufetubus.
Your squeeze misses the ufetubus. The ufetubus hits you. x2
* * * LOW HITPOINT WARNING * * *
You barely miss the ufetubus. Your grab misses the ufetubus.
Your squeeze misses the ufetubus. The ufetubus misses you.
The ufetubus hits you.
* * * LOW HITPOINT WARNING * * *
The ufetubus closely misses you. The ufetubus barely misses you.
You hit the ufetubus. Your grab misses the ufetubus.
The ufetubus is lightly wounded.
The ufetubus barely misses you. The ufetubus hits you.
You die...

###########
#$....$...#
#.........#
#.........# ##
#.........###...#
#.........5.....#..
#........@###.$.#..
#####....#.......
####.#.......
#..#....# #..#....#
#>...##.#
#.......#.#
#..##.....#
#..##.#...#


You could see an ufetubus.

Vanquished Creatures
  A worm (D:5)
  An orc (D:5)
2 creatures vanquished.

Notes
Turn   | Place    | Note
-------+----------+-------------------------------------------
     0 | D:5      | RancidPinata the Octopode Delver began the quest for the
                  | Orb.
     0 | D:5      | Reached XP level 1. HP: 16/16 MP: 1/1
    58 | D:5      | Noticed an ogre
   106 | D:6      | Noticed a scorpion
   123 | D:6      | Noticed an ogre
   147 | D:6      | Noticed a scorpion
   195 | D:6      | Noticed a steam dragon
   227 | D:5      | Noticed a scorpion
   254 | D:5      | Found a burning altar of Makhleb.
   342 | D:6      | Noticed a sky beast
   357 | D:5      | Slain by an ufetubus

Illustrated notes

Levels and vault maps discovered:
D:5:      layout_basic, mainiacjoe_overflow_concentric_impassable, st_stairs_6
D:6:      layout_loops_ring, nicolae_shop_gadgets, uniq_prince_ribbit1

Action                     || total
---------------------------++-------
  Melee: Short sword       ||     9
         Constrict         ||     1
         Tentacles         ||     1
   Stab: Sleeping          ||     1
  Dodge: Dodged            ||    11
